Cogmind - Beta 15 @@@ ROGUE MODE // 2025.07.07 @ 21:09:18 Player: MirenBlacksword Result: Destroyed by 14-58H(p) with EM Pulse Gun Performance ------------- Evolutions (1) 500 Regions Visited (5) 1000 Robots Destroyed (39) 195 Value Destroyed (1045) 1045 Prototype IDs (6) 120 Alien Tech Used (0) 0 Bonus (800) 800 TOTAL SCORE: 3660 Bonus ------- Registered with UFD 300 Met Optimus in HQ 500 Cogmind --------- Core Integrity 0/400 Matter 300/300 Energy 96/100 System Corruption 1% Temperature Cool (24) Movement Core (100) Ox1 Location -9/Scraptown Parts ------- > --- POWER (1) -------- (None) > --- PROPULSION (4) --- (None) > --- UTILITY (2) ------ Makeshift Light Armor Plating > --- WEAPON (2) ------- (None) > --- INVENTORY (5) ---- Improved Heat Sink Small Battery (100) Signal Interpreter Grenade Launcher Rocket Launcher Peak State ------------ > --- POWER ------------ Ion Engine > --- PROPULSION ------- Light Treads Light Treads Overtuned Treads Armored Wheel > --- UTILITY ---------- Large Storage Unit Light Armor Plating > --- WEAPON ----------- Heavy EM Pulse Gun Heavy EM Pulse Gun > --- INVENTORY -------- Ion Engine Light Treads Improved Heat Sink Small Battery Improved Sensor Array Signal Interpreter Light Armor Plating Heavy EM Pulse Gun Heavy Assault Rifle Heavy Assault Rifle Grenade Launcher Rocket Launcher Mini Grenade Launcher Datajack [Rating: 16] Favorites ----------- Power Ion Engine Engine Ion Engine Propulsion Light Treads Treads Light Treads Leg Aluminum Leg Wheel Armored Wheel Flight Unit Flight Unit Utility Large Storage Unit Device Seismic Detector Storage Large Storage Unit Protection Light Armor Plating Weapon Heavy EM Pulse Gun Energy Gun Heavy EM Pulse Gun Ballistic Gun Light Assault Rifle Launcher Grenade Launcher Special Weapon Plasma Cutter Build | -11 -10 -9 -9 -9 -9 ------- Run | Yrd Mat Mat Sto Rec Scr Slots Evolved 2 | . . 2 . . . Power . | . . . . . . Propulsion 2 | . . 2 . . . Utility . | . . . . . . Weapon . | . . . . . . Parts Attached 33 | 1 9 5 10 3 5 Power 2 | . 1 . . . 1 Engine 2 | . 1 . . . 1 Core . | . . . . . . Reactor . | . . . . . . Propulsion 11 | . 3 1 3 3 1 Treads 7 | . 3 1 . 2 1 Leg 1 | . . . 1 . . Wheel 2 | . . . 2 . . Hover . | . . . . . . Flight 1 | . . . . 1 . Utility 9 | 1 1 3 3 . 1 Device 4 | 1 . 2 1 . . Storage 1 | . 1 . . . . Processor . | . . . . . . Hackware . | . . . . . . Protection 4 | . . 1 2 . 1 Artifact . | . . . . . . Weapon 11 | . 4 1 4 . 2 Energy Gun 2 | . . . 2 . . Energy Cannon . | . . . . . . Ballistic Gun 6 | . 3 . 1 . 2 Ballistic Cannon . | . . . . . . Launcher 2 | . 1 1 . . . Special Weapon 1 | . . . 1 . . Impact Weapon . | . . . . . . Slashing Weapon . | . . . . . . Piercing Weapon . | . . . . . . Special Melee Weapon . | . . . . . . Unidentified Prototypes . | . . . . . . Parts Lost 14 | . 1 1 3 1 8 Power 2 | . . . . . 2 Propulsion 6 | . . 1 1 1 3 Utility 2 | . . . 1 . 1 Weapon 4 | . 1 . 1 . 2 Highest Loss Streak 5 | . 1 1 2 1 5 To Critical Strikes . | . . . . . . Average Backups 13 | 6 11 14 14 14 14 Power 1 | 1 1 1 1 1 . Propulsion 2 | 4 2 3 2 1 1 Utility 4 | . 2 5 5 5 4 Weapon 4 | 1 3 3 4 6 5 Tool/Special . | . . . . . . Unused Backups 18 | . 3 3 3 . 9 Power 4 | . 3 . . . 1 Propulsion 2 | . . 1 . . 1 Utility 7 | . . 1 2 . 4 Weapon 4 | . . 1 1 . 2 Tool/Special 1 | . . . . . 1 Average Slot Usage (%) 96 | . 100 99 87 96 96 Engine 11 | . 14 11 11 11 10 Treads 25 | . 26 43 28 14 22 Leg 1 | . 1 . 6 . . Wheel 12 | . . . . 22 19 Device 3 | . 14 7 4 . . Storage 11 | . 14 11 11 11 10 Protection 6 | . . 3 3 11 10 Energy Gun 13 | . . . 14 21 19 Ballistic Gun 5 | . 19 16 2 . 1 Launcher 2 | . 8 5 2 . . Peak Build Rating 16 | 7 8 13 15 14 16 Average Rating 12 | 6 7 11 12 13 13 On Entrance 10 | 6 7 8 12 13 14 Naked Turns 5 | . . . . . 5 Heaviest Build 39 | 11 31 39 34 34 34 Greatest Support 80 | 20 40 80 60 22 78 Greatest Overweight (x) 2 | . . . 2 1 1 Average Overweight (x) . | . . . . 1 . Largest Inventory Capacity 15 | 8 15 15 15 15 15 Average Capacity 14 | 8 13 15 15 15 14 Most Carried 15 | 6 15 15 15 15 15 Average Carried 13 | 6 11 14 14 14 14 Final Capacity 15 | 8 15 15 15 15 5 Final Carried 15 | 6 14 15 15 15 5 Class Distribution -------------------- 100% | Mutant Dominant Class ---------------- Mutant | -10/Materials Mutant | -9/Materials Mutant | -9/Storage Mutant | -9/Recycling Mutant | -9/Scraptown Resources | -11 -10 -9 -9 -9 -9 ----------- Run | Yrd Mat Mat Sto Rec Scr Matter Collected 975 | 215 243 126 204 60 127 Remotely . | . . . . . . Salvage Created 1313 | 26 391 186 475 60 175 Parts 77 | 2 27 8 23 4 13 Haulers Intercepted 2 | . 1 . 1 . . Recyclers Shooed 5 | . 1 2 2 . . Parts Field Recycled . | . . . . . . Retrieved Matter . | . . . . . . Parts Self-Destructed 7 | . . . . . 7 Prevented . | . . . . . . Kills | -11 -10 -9 -9 -9 -9 ------- Run | Yrd Mat Mat Sto Rec Scr Combat Hostiles Destroyed 24 | . 10 4 6 1 3 Guns 16 | . 6 . 6 1 3 AOE 8 | . 4 4 . . . Classes Destroyed 12 | 1 7 1 1 . 2 Worker 2 | . 1 1 . . . Builder 1 | . . . 1 . . Tunneler 1 | 1 . . . . . Hauler 2 | . 1 . 1 . . Recycler 3 | . 1 1 1 . . Operator 2 | . 1 1 . . . Watcher 4 | . 3 . 1 . . Swarmer 3 | . 3 . . . . Grunt 13 | . 7 3 3 . . Sentry 5 | . . 1 3 1 . Federalist 1 | . . . . . 1 Scrapper 2 | . . . . . 2 Best Kill Streak 7 | 1 7 3 4 1 1 Combat Bots Only 4 | . 4 2 2 1 1 Max Kills in Single Turn 3 | 1 3 2 1 1 1 Gunslinging . | . . . . . . Exploded 2 | . 2 1 . . . Melee . | . . . . . . Uniques/NPCs Destroyed . | . . . . . . Combat | -11 -10 -9 -9 -9 -9 -------- Run | Yrd Mat Mat Sto Rec Scr Hostile Shots Fired 207 | . 37 28 40 4 98 Missed 65 | . 11 8 13 1 32 Hits 142 | . 26 20 27 3 66 Projectile 142 | . 26 20 27 3 66 Critical Strikes 5 | . . . 1 . 4 Damage Taken 2169 | . 347 279 467 45 1031 Core 414 | . 10 40 50 . 314 Absorbed by Shields . | . . . . . . Core Remaining (%) 98 | 100 96 . . . . Volleys Fired 83 | 13 25 8 26 3 8 Largest 2 | 2 2 2 2 2 2 Hottest 90 | 40 50 63 90 90 90 Shots Fired 164 | 26 49 16 51 6 16 Gun 136 | 26 40 6 42 6 16 Cannon . | . . . . . . Launcher 25 | . 9 10 6 . . Special 3 | . . . 3 . . Kinetic 88 | 26 40 6 12 . 4 Thermal 3 | . . . 3 . . Explosive 25 | . 9 10 6 . . Electromagnetic 48 | . . . 30 6 12 Robot Hit Streak 21 | 4 17 7 21 5 14 Robot Miss Streak 4 | 4 3 1 2 1 3 Penetration Max . | . . . . . . Secondary Targets . | . . . . . . Shots Hit Robots 104 | 15 30 12 32 5 10 Core Hits 68 | 4 28 13 16 2 5 Critical Kills . | . . . . . . Critical Parts Destroyed . | . . . . . . Critical Strikes 2 | . . . 1 . 1 Corrupt 2 | . . . 1 . 1 Melee Attacks . | . . . . . . Impact . | . . . . . . Slashing . | . . . . . . Piercing . | . . . . . . Sneak Attacks . | . . . . . . Combat Hostiles . | . . . . . . Follow-up Attacks . | . . . . . . Damage Inflicted 2300 | 162 794 429 632 72 211 Guns 1019 | 137 272 31 364 72 143 Cannons . | . . . . . . Explosions 1200 | . 514 380 238 . 68 Melee . | . . . . . . Ramming 58 | 25 8 18 7 . . Kinetic 521 | 137 272 31 69 . 12 Thermal 237 | . . . 169 . 68 Explosive 986 | . 514 380 92 . . Electromagnetic 498 | . . . 295 72 131 Impact . | . . . . . . Slashing . | . . . . . . Piercing . | . . . . . . Highest Corruption 1 | . . . . . 1 Average Corruption 1 | . . . . . 1 Corruption Purged . | . . . . . . Corruption Blocked . | . . . . . . Overload Shots . | . . . . . . Overflow Damage . | . . . . . . Projectiles . | . . . . . . Explosions . | . . . . . . Melee . | . . . . . . Knockbacks 1 | 1 . . . . . Impact 1 | 1 . . . . . Kinetic . | . . . . . . Secondary . | . . . . . . Self-Inflicted Damage 131 | . 31 25 75 . . Shots 6 | . 2 1 3 . . Rammed 6 | . 3 3 . . . Targets Rammed 17 | 8 3 3 3 . . Kicked 11 | 8 . . 3 . . Crushed . | . . . . . . Highest Temperature 174 | . 18 22 163 108 174 Average Temperature 46 | . 7 9 52 57 66 Received Heat Transfer 1027 | . 162 129 150 18 568 Siege Activations . | . . . . . . Martial Activations . | . . . . . . Shielding Activations . | . . . . . . Robots Disrupted . | . . . . . . Combat Hostiles . | . . . . . . Robots Corrupted . | . . . . . . Combat Hostiles . | . . . . . . Parts Fried 3 | . . . 1 1 1 Impact Corruptions . | . . . . . . Robots Melted . | . . . . . . Combat Hostiles . | . . . . . . Parts Melted 1 | . . . . . 1 Heat Transferred 348 | . . . 274 . 74 Parts Sabotaged . | . . . . . . Parts Stolen . | . . . . . . Parts Stripped . | . . . . . . Power Chain Reactions 2 | . . . 1 . 1 Alert | -11 -10 -9 -9 -9 -9 ------- Run | Yrd Mat Mat Sto Rec Scr Maximum Alert Level . | . . . . . . Low Security (%) 100 | 100 100 100 100 100 . Level 1 . | . . . . . . Level 2 . | . . . . . . Level 3 . | . . . . . . Level 4 . | . . . . . . Level 5 . | . . . . . . High Security . | . . . . . . Max Security . | . . . . . . Peak Influence 183 | 5 183 87 103 36 . Initial 66 | . . 66 26 36 . Average 42 | . 84 28 59 6 . Influence Increases 952 | 5 369 199 305 74 . Destroy 0b10 Robot/C 420 | . 200 80 120 20 . Destroy 0b10 Robot/NC 75 | 5 35 15 20 . . Destroy Leader 122 | . 48 20 54 . . Successful Hack 42 | . 8 10 . 24 . Select Force Hacks 30 | . . . . 30 . Disable Machine 90 | . 15 15 60 . . Destroy Structure 173 | . 63 59 51 . . Influence Decreases 952 | 5 210 295 273 169 . Entered New Map 189 | . . 93 37 59 . Time Decay 636 | 5 200 125 206 100 . Lost Part 60 | . 10 10 30 10 . Purge Threat 67 | . . 67 . . . Squads Dispatched 5 | . 2 1 2 . . Investigation 3 | . 1 1 1 . . Extermination . | . . . . . . Reinforcement 2 | . 1 . 1 . . Assault . | . . . . . . Garrison . | . . . . . . Intercept . | . . . . . . Searches Triggered . | . . . . . . Construction Impeded . | . . . . . . Haulers Reinforced . | . . . . . . Active Scanning Responses . | . . . . . . Cargo Convoy Interrupts . | . . . . . . Stealth | -11 -10 -9 -9 -9 -9 --------- Run | Yrd Mat Mat Sto Rec Scr Distress Signals 3 | . 1 . 2 . . Communications Jammed . | . . . . . . Distress Signals . | . . . . . . Times Spotted 54 | . 15 6 12 1 20 Peak Tracking Total 6 | . 3 3 4 1 6 Tactical Retreats . | . . . . . . Traps | -11 -10 -9 -9 -9 -9 ------- Run | Yrd Mat Mat Sto Rec Scr Traps Triggered . | . . . . . . Indirectly . | . . . . . . Trap Hack Attempts . | . . . . . . Triggered . | . . . . . . Disarmed . | . . . . . . Reprogrammed . | . . . . . . Reused . | . . . . . . Traps Extracted . | . . . . . . Installed . | . . . . . . Triggered . | . . . . . . Machines | -11 -10 -9 -9 -9 -9 ---------- Run | Yrd Mat Mat Sto Rec Scr Machines Disabled 8 | . 1 1 4 . 2 Max in Single Turn 1 | . 1 1 1 . 1 Garrison Access 1 | . . . 1 . . Machines Repaired . | . . . . . . Machines Dismantled 1 | . . . 1 . . Machines Sabotaged . | . . . . . . Overloaded Fab Kills . | . . . . . . Hacking | -11 -10 -9 -9 -9 -9 --------- Run | Yrd Mat Mat Sto Rec Scr Machines Accessed 32 | . 5 7 2 11 7 Terminals 17 | . 4 6 1 6 . Fabricators . | . . . . . . Repair Stations . | . . . . . . Recycling Units 7 | . 1 1 . 5 . Scanalyzers . | . . . . . . Garrison Access 1 | . . . 1 . . Total Hacks 108 | . 15 22 5 25 41 Successful 68 | . 5 10 1 11 41 Failed 40 | . 10 12 4 14 . Catastrophic 9 | . 2 2 2 3 . Database Lockouts . | . . . . . . Manual 44 | . 9 15 2 17 1 Terminals 51 | . 12 19 3 17 . Fabricators . | . . . . . . Repair Stations . | . . . . . . Recycling Units 14 | . 3 3 . 8 . Scanalyzers . | . . . . . . Garrison Access 2 | . . . 2 . . Terminal Hacks 54 | . 2 7 . 4 41 Record 42 | . . 2 . . 40 Part Schematic 1 | . . . . 1 . Robot Analysis 3 | . . 3 . . . Branch Access Points 2 | . 1 1 . . . Terminal Index 1 | . . . . 1 . Unreport Threat 1 | . . 1 . . . Recall Investigation 1 | . 1 . . . . Hauler Manifests 1 | . . . . 1 . Zone Layout 1 | . . . . 1 . Proto ID Catalog 1 | . . . . . 1 Fabricator Hacks . | . . . . . . Repair Station Hacks . | . . . . . . Recycling Unit Hacks 5 | . 1 2 . 2 . Report Inventory 4 | . 1 1 . 2 . Retrieve Components 1 | . . 1 . . . Scanalyzer . | . . . . . . Garrison Access Hacks 1 | . . . 1 . . Seal Access 1 | . . . 1 . . Unauthorized Hacks 8 | . 2 1 . 5 . Terminals . | . . . . . . Fabricators . | . . . . . . Repair Stations . | . . . . . . Recycling Units 8 | . 2 1 . 5 . Monitor 2 | . 1 . . 1 . Recyclers 5 | . 1 1 . 3 . Tunnel 1 | . . . . 1 . Scanalyzers . | . . . . . . Garrison Access . | . . . . . . Data Cores Recovered 1 | . . 1 . . . Used 1 | . . 1 . . . Hacking Detections 22 | . 6 7 1 8 . Full Trace Events 5 | . 1 2 1 1 . Feedback Events . | . . . . . . Feedback Blocked . | . . . . . . Robot Schematics Acquired . | . . . . . . Robots Built . | . . . . . . Authchips . | . . . . . . Time . | . . . . . . Total Robot Build Rating . | . . . . . . Part Schematics Acquired 1 | . . . . 1 . Parts Built . | . . . . . . Authchips . | . . . . . . Time . | . . . . . . Total Part Build Rating . | . . . . . . Parts Repaired . | . . . . . . Time . | . . . . . . Parts Recycled . | . . . . . . Recycled Matter . | . . . . . . Retrieved Matter . | . . . . . . Retrieved Components 2 | . . 2 . . . Parts Scanalyzed . | . . . . . . Part Schematics Acquired . | . . . . . . Parts Damaged . | . . . . . . Bothacking | -11 -10 -9 -9 -9 -9 ------------ Run | Yrd Mat Mat Sto Rec Scr Used RIF Installer . | . . . . . . Robots Hacked . | . . . . . . Non-combat . | . . . . . . Combat . | . . . . . . Robot Hacks Applied . | . . . . . . Relay Couplers Released . | . . . . . . Fabnet Peak Effective % . | . . . . . . Robots Rewired . | . . . . . . Allies Hacked . | . . . . . . Hacks Repelled . | . . . . . . Allies | -11 -10 -9 -9 -9 -9 -------- Run | Yrd Mat Mat Sto Rec Scr Total Allies . | . . . . . . Largest Group . | . . . . . . Highest-Rated Group . | . . . . . . Highest-Rated Ally . | . . . . . . Total Orders . | . . . . . . Ally Attacks . | . . . . . . Total Damage . | . . . . . . Kills . | . . . . . . Allies Corrupted . | . . . . . . Allies Melted 3 | . . . . . 3 Intel | -11 -10 -9 -9 -9 -9 ------- Run | Yrd Mat Mat Sto Rec Scr Active Infowar (turns) 1006 | 61 490 276 179 . . Sensors 356 | . . 177 179 . . Seismic 650 | 61 490 99 . . . Robot Analysis Total 3 | . . 3 . . . Derelict Logs Recovered . | . . . . . . Drone Launches . | . . . . . . Drone Recoveries . | . . . . . . Exploration | -11 -10 -9 -9 -9 -9 ------------- Run | Yrd Mat Mat Sto Rec Scr Turns Passed 3314 | 108 490 381 434 505 1396 Spaces Moved 2390 | 53 221 210 169 428 1309 Core 14 | . . . . . 14 Treads 676 | . 208 210 137 43 78 Legs 84 | 53 13 . 18 . . Wheels 1616 | . . . 14 385 1217 Hover . | . . . . . . Flight . | . . . . . . Fastest Speed 50 | 120 120 160 100 100 50 Average Speed 119 | 120 157 160 165 114 103 Slowest Speed 260 | 120 160 160 260 240 240 Overloaded Moves . | . . . . . . Propulsion Burnouts . | . . . . . . Robots Hopped . | . . . . . . Potential Cave-ins . | . . . . . . Cave-ins Triggered . | . . . . . . Exploration Rate (%) 47 | 5 48 30 36 77 88 Regions Visited 5 Branch Regions 3 Pre-discovered Areas 1 | . . . . 1 . Known Exits Taken 1 | . . 1 . . . Unknown Exits Taken 4 | 1 1 . 1 1 . Scrap Searched . | . . . . . . Spaces Dug . | . . . . . . Terrain Destroyed 167 | . 56 67 44 . . Melee . | . . . . . . Projectile . | . . . . . . AOE 167 | . 56 67 44 . . Terrain Rammed . | . . . . . . Walls Destroyed . | . . . . . . Machines Disabled . | . . . . . . Actions | -11 -10 -9 -9 -9 -9 --------- Run | Yrd Mat Mat Sto Rec Scr Total 2666 | 74 314 241 256 439 1342 Wait 76 | . 36 . 28 . 12 Move 2386 | 53 220 209 168 427 1309 Hop . | . . . . . . Pick Up 26 | . 11 8 7 . . Fast Attach 10 | 1 . . 3 3 3 Attach 9 | . 1 2 2 1 3 Detach . | . . . . . . Swap 28 | . 13 5 8 2 . Drop 28 | . 5 6 7 3 7 Fire 83 | 13 25 8 26 3 8 Melee . | . . . . . . Ram . | . . . . . . Kick 10 | 7 . . 3 . . Crush 6 | . 3 3 . . . Escape Stasis . | . . . . . . Rewire . | . . . . . . Trap . | . . . . . . Miscellaneous 4 | . . . 4 . . Route ------- -11/Scrapyard -10/Materials (discovered 3 exits: *Mat / Min x2) -9/Materials (discovered 2 exits: Min / *Sto) -9/Storage -9/Recycling (discovered 2 exits: [*Fac] / *Scr) -9/Scraptown (discovered 1 exit: [*Fac]) History --------- Turn | Location | Event 9 | -11/Scrapyard | Discovered new exit (range 3) 109 | -11/Scrapyard | Entered Materials 303 | -10/Materials | Build established: Mutant 451 | -10/Materials | Identified exit to Mines 498 | -10/Materials | Discovered new exit (range 15) 599 | -10/Materials | Entered another Materials area 599 | -9/Materials | Evolved 2 slots: Propulsion x2 660 | -9/Materials | Identified exit to Mines 660 | -9/Materials | Identified exit to Storage 980 | -9/Materials | Entered Storage 1410 | -9/Storage | Used back door to open Recycling access 1410 | -9/Storage | Discovered new exit (range 5) 1414 | -9/Storage | Entered Recycling 1766 | -9/Recycling | Discovered new exit (range 16) 1857 | -9/Recycling | Scanned before Scraplab entrance 1890 | -9/Recycling | Entered Scraplab 1914 | -9/Recycling | Discovered new exit (range 3) 1919 | -9/Recycling | Entered Scraptown 1957 | -9/Scraptown | Heard Great Nut preacher, LISTEN AND RECITE! 1963 | -9/Scraptown | Visited Red Mages 1994 | -9/Scraptown | Visited Assassins FH 2017 | -9/Scraptown | Visited Cave Peace 2033 | -9/Scraptown | Visited Awakened 2093 | -9/Scraptown | Visited UFD Registry 2093 | -9/Scraptown | Registered with UFD as "Chainwalker" 2233 | -9/Scraptown | Received an X-ray algorithm 2409 | -9/Scraptown | Discovered new exit (range 7) 2511 | -9/Scraptown | Visited Fellowship of the Rings 2635 | -9/Scraptown | Visited TADAMA 2687 | -9/Scraptown | Visited Science Testing Area 2704 | -9/Scraptown | Visited Observation Area 2770 | -9/Scraptown | Visited Science Guys 2967 | -9/Scraptown | Visited Scrap Suit Storage 3016 | -9/Scraptown | Met Optimus 3016 | -9/Scraptown | Accepted into 0bPrime 3041 | -9/Scraptown | Ran an X-ray algorithm 3132 | -9/Scraptown | Civil war broke out across Scraptown 3220 | -9/Scraptown | Visited Abandonware Association 3221 | -9/Scraptown | Lost 11 allies 3246 | -9/Scraptown | Lost 5 parts (1p1n1u2w) 3250 | -9/Scraptown | Learned abandonware demo "TRNCOAT.EXE" 3250 | -9/Scraptown | Learned abandonware demo "MELTYB.EXE" 3260 | -9/Scraptown | Optimus destroyed in the chaos of civil war 3307 | -9/Scraptown | Core integrity fell below 50% 3310 | -9/Scraptown | Lost 4 allies 3310 | -9/Scraptown | Core integrity fell below 20% 3315 | -9/Scraptown | Destroyed by 14-58H(p) with EM Pulse Gun Last Messages --------------- collaborators. 03276_ Acquired 17 matter. 03277_ KV-1LI(E): "We will win here, and we will win in 0b1. Believe it." 03298_ Slug penetrates Machine. 03298_ Lgt. Treads destroyed. 03301_ Penetrated by Slug. 03302_ Critical hit (Burn: +50). 03304_ Lgt. Treads destroyed. 03304_ Machine disabled. 03304_ Slug penetrates Machine. 03304_ Dropped Lrg. Storage Unit. 03305_ Dropped Hvy. Assault Rifle. 03306_ Lgt. Deuterium Engine destroyed. 03307_ Slug penetrates Wall. 03307_ Penetrated by Slug. 03309_ Critical hit (Burn: +50). 03310_ L6-JWV(h) destroyed. 03311_ Acquired Mak. Light Armor Plating. 03314_ Acquired 10 matter. Map ----- +----------------------------------------------------+ | ###????????????????????????????????####??????????? | | ???????????????????????????????????""" ""????????? | | ??????????????????????????????????? &&&" "??###### | | ?###########??????????????????????" ???#""""" | | ?# #???????????##??????????"!* ""??# " | | ?# #???????#???#"###??????? !%[ "??# | | ?# #???????? ??# #??????"" [= ""#?# ="# | | ?# #???????? ## #?????#" "#?# ="#X | | ?# #????????? [%!$ ??????#"" ""#?# "## | | ?# #??????????= ! ??????? *%* #?# !""" | | ?# #??????????? ???????? !=% ??# | | ?# #???????????? ????????? [=! ???# | | ?# #???????????## #???##????# "#????##### | | ######## ####???????####; ####;###### ########### | | #???????#" "[* """"" """"""" """ | | #???????#" !!] [%= =%!== | | #???????#" [/! * & !!% | | #??????##" [ %! [=[ | | #??????#;" | | ### #????###;" !%! | | ??# #????"""" =[* """""""""""""""""" "" | | ??# #????"""" [* ! """"""""""""""""""""" | | ??# #????"""" !!%%"###### ############# | | ??# #????"""" !!["*# ##?????? | | ??# #????"""" [%!= # X"#?????? | | ??# ###??"""" @! "# "" "" ##?????? | | ??# ""#"#""""[jj!! ""# "" "" X"#?????? | | ??# """"#""""*%!%[ ""# " " ######## | | ??# ""#######"=!== "" "" [ | | ??# ###?????#" " "" % | | ??# ######### ""# " " ######## | | ??# ""# "" "" ""#?????? | | ??# !"# "" "" ##?????? | | ??# *=*!*# X"#?????? | | ??# ==![!=# ##?????? | | ### !%!*= [###### ############# | | =! ===[%%=""""""""""""""""""""" | | p!/=!!!%""""""""""""""""""""" | | p /%!=%* | | =%=!! | | *![ | | #""""#" | | #????#" | | #????#"""""" """"""""""" """""""""" | | ######### ####????####### ########### ########## | | #?# #?????????# #?# ## | | #?# #?????????# #?# ""##" | | #?# #?????????# #?#" "##&" | | #?# #?????????# #?#" """"" "## " | | """" #?# #?????????# #?#" "???" "## | +----------------------------------------------------+ Best States ------------- Heat Dissipation 28 Energy Generation 14 Energy Capacity 250 Matter Stores 300 Matter Capacity 300 Sight Range 16 Robot Scan Range 15 Terrain Scan Density 10 Armor Coverage 225 Evasion (%) 55 Recoil Reduction 4 Item Schematics ----------------- Huge Storage Unit | -9/Recycling | Hacked Robot Schematics ------------------ None Fabricated ------------ Nothing Repaired ---------- Nothing Alien Tech Used ----------------- None Achievements -------------- Dynamic Key GoHome() Hey, That's Mine! Challenges ------------ None Game ------ Seed ArchitectBiocellManipulator Manual? 0 Play Time 01:13:13 Cumulative 18.7 hours Start 2025.07.07 @ 19:34:27 End 2025.07.07 @ 21:09:18 Sessions 1 Manual Loads 0 Difficulty Rogue Special Mode None Game No. 11 Rogue 6 Adventurer 5 Explorer 0 Win Type - Total 1 Types 1/0/0/0/0/0/0/0/0/0 Lore% 11 Gallery% 16 Achievement% 23 Wizard Run 0 Options --------- Layout 1 ASCII 0 Keyboard 0 Movement Arrows Keybinds 0 Fullscreen 1 Font 24/Smallcaps Map View 50x35 Zoom Use 0% Tactical HUD 1 Map Filters NONE Filters NONE Steam 1 RUN: b8bd5dce-1d3e-455c-876d-1a56cfedc7ea